Map: Blackpink LE

Players

Neeb - Winner!

  • Race: Protoss Protoss
  • Spawn Location: 1:00

JimRising

  • Race: Zerg Zerg
  • League: Grandmaster
  • Spawn Location: 7:00

VOD

Have the link to the VOD?

Description

Time

  • Played on: Feb. 1, 2018, 2:52 p.m.
  • Length: 3:57
Show
View Real Time Build Order
Export as new Build Order

Neeb Protoss - Winner!

Build Orders:  

Get SALT Encoding   

  12  0:00  Probe  
  13  0:12  Probe  
  14  0:18  Pylon  
  14  0:24  Probe  
  15  0:36  Probe (Chrono Boost)  
  15  0:37  Assimilator  
  16  0:44  Gateway  
  16  0:48  Probe (Chrono Boost)  
  17  0:53  Probe (Chrono Boost)  
  18  1:03  Probe  
  19  1:15  Probe  
  20  1:29  Pylon  
  20  1:31  Zealot, Gateway  
  20  1:32  Pylon  
  22  1:35  Cybernetics Core  
  22  1:42  Probe  
  23  1:54  Probe  
  24  2:11  Adept (Chrono Boost)  
  26  2:17  Shield Battery  
  26  2:21  Adept (Chrono Boost)  
  20  2:55  Adept  
  17  3:04  Pylon  
Show
View Real Time Build Order
Export as new Build Order

JimRising Zerg 

Build Orders: Pool Only 

Get SALT Encoding   

  12  0:18  Spawning Pool  
  11  0:21  Drone  
  11  0:26  Drone  
  13  0:30  Drone  
  14  0:49  Overlord  
  14  1:07  Zergling x2  
  14  1:08  Zergling x4  
  17  1:18  Zergling x2  
  18  1:37  Zergling x2  
  19  1:42  Zergling x2  
  20  1:54  Zergling x2  
  20  2:01  Zergling x2  
  20  2:32  Zergling x4  
  20  2:33  Zergling x2  
  20  2:44  Zergling x2  
Tags
 
Add a new tag
Caveats
  • Supply blocks, unpowered buildings, or Contaminate may cause inaccurate times.
  • Supply counts are checked every 10 seconds.